 Dungeon Crawl Stone Soup version 0.25.1-2-g60ff931df9 (webtiles) character file.

Game seed: 4171500752660126672

1654 selver the Sneak (level 9, -3/54 HPs)
             Began as an Octopode Wizard on Oct 26, 2020.
             Was an Initiate of Yredelemnul.
             Killed from afar by a steam dragon (25 damage)
             ... with a ball of steam
             ... on level 7 of the Dungeon.
             The game lasted 00:37:36 (8085 turns).

selver the Sneak (Octopode Wizard)                  Turns: 8085, Time: 00:37:38

Health: -3/54      AC:  2    Str:  8    XL:     9   Next: 0%
Magic:  12/17      EV: 13    Int: 22    God:    Yredelemnul [......]
Gold:   128        SH:  0    Dex: 10    Spells: 11/19 levels left

rFire    x . .     SeeInvis .   x - +0 short sword (freeze)
rCold    + . .     Gourm    .   (no shield)
rNeg     . . .     Faith    .   a - +1 hat
rPois    +         Spirit   .   o - amulet of regeneration
rElec    .         Reflect  .   e - ring of poison resistance
rCorr    +         Harm     .   n - ring of ice
MR       .....                  l - ring of resist corrosion (curse)
Stlth    ++++......             (no ring)
HPRegen  0.58/turn              (no ring)
MPRegen  0.15/turn              (no ring)
                                (no ring)
                                (no ring)

@: no status effects
A: almost no armour, stealthy swim, amphibious, 8 rings, constrict 8, camouflage
1, gelatinous body 1
a: Renounce Religion


You were on level 7 of the Dungeon.
You worshipped Yredelemnul.
Yredelemnul was noncommittal.
You were not hungry.

You visited 2 branches of the dungeon, and saw 8 of its levels.

You collected 362 gold pieces.
You spent 234 gold pieces at shops.

Inventory:

Hand Weapons
 f - a +0 dagger
 u - a +0 spear
 x - a +0 short sword of freezing (weapon)
Armour
 a - a +1 hat (worn)
Jewellery
 e - a ring of poison resistance (left tentacle)
 l - a cursed ring of resist corrosion (on tentacle)
 n - a ring of ice (right tentacle)
 o - an amulet of regeneration (around mantle)
Scrolls
 b - a scroll of teleportation
 i - 2 scrolls of immolation {unknown}
 j - a scroll of magic mapping {unknown}
 k - a scroll of remove curse {unknown}
 m - a scroll of amnesia {unknown}
 s - 2 scrolls of fear {unknown}
 v - a scroll of identify
Potions
 d - a potion of curing
 g - 2 potions of magic
 p - 2 potions of brilliance
 q - 4 potions of stabbing {unknown}
 r - a potion of cancellation
 t - a potion of haste {unknown}
 w - a potion of lignification
Comestibles
 c - 8 rations


   Skills:
 - Level 1.9 Fighting
 - Level 2.0 Dodging
 - Level 6.3 Stealth
 + Level 5.8 Spellcasting
 * Level 6.3 Conjurations
 - Level 3.2 Summonings
 - Level 3.1 Translocations
 + Level 1.7 Air Magic
 + Level 2.6 Poison Magic


You had 11 spell levels left.
You knew the following spells:

 Your Spells              Type           Power        Failure   Level  Hunger
a - Magic Dart            Conj           ####         1%          1    None
b - Call Imp              Summ           ###.....     3%          2    None
c - Blink                 Tloc           N/A          4%          2    None
d - Mephitic Cloud        Conj/Pois/Air  ###.....     6%          3    ##.....

Your spell library contained the following spells:

 Spells                   Type           Power        Failure   Level  Hunger
 Apportation              Tloc           ###...       2%          1    None
 Summon Small Mammal      Summ           ###.         2%          1    None
 Conjure Flame            Conj/Fire      ###.....     8%          3    ##.....
 Dazzling Flash           Conj/Hex       ###...       8%          3    ##.....
 Animate Skeleton         Necr           N/A          10%         1    None
 Corona                   Hex            #......      10%         1    None
 Ensorcelled Hibernation  Hex/Ice        #.....       14%         2    None
 Slow                     Hex            #.......     14%         2    None
 Confusing Touch          Hex            #.......     28%         3    ##.....
 Tukima's Dance           Hex            #.......     28%         3    ##.....


Dungeon Overview and Level Annotations

Branches:
Dungeon (7/15)             Temple (1/1) D:6

Altars:
Dithmenos
Elyvilon
Gozag
Hepliaklqana
Kikubaaqudgha
Makhleb
Nemelex Xobeh
Okawaru
Qazlal
Ru
Trog
Vehumet
Wu Jian
Xom
Yredelemnul
Zin
The Shining One

Shops:
D:5 !

Annotations:
D:4 3 runed translucent doors, hawla's ghost, novice MiFi
D:6 exclusion: statue
D:7 Menkaure


Innate Abilities, Weirdness & Mutations

You cannot wear most types of armour.
You are very stealthy in the water. (Stealth+)
You are amphibious.
You can wear up to eight rings at the same time.
You can use your tentacles to constrict eight enemies at once.
Your skin changes colour to match your surroundings (Stealth+).
Your rubbery body absorbs attacks. (AC +1, EV +1)


Message History

Gang up on whom?
Press: ? - help, Dir - move target cursor, f - steam dragon
Aim: a steam dragon Attack!
Your crimson imp hits the steam dragon but does no damage. x2
The steam dragon breathes steam at you.
The ball of steam misses your crimson imp.
The ball of steam hits you!! The steam scalds you terribly!
Your crimson imp hits the steam dragon but does no damage. x2
The steam dragon misses your crimson imp.
The steam dragon completely misses your crimson imp.
Your crimson imp misses the steam dragon. x2
You hit the steam dragon. You freeze the steam dragon.
Your squeeze misses the steam dragon.
The steam dragon is lightly wounded.
You are engulfed in a cloud of scalding steam.
The steam dragon breathes steam at you. The ball of steam hits you!!
The steam scalds you terribly!
You die...
Your body rises from the dead as a mindless zombie.

..#
#.#.#.########..'.....#
..# #.#.#.# ####.....###
..# #.#.#.# ##'#.....
..#######.#...#
#####.#.####
..'.......#####
#.....#.#
..#########≈≈.####
#.#####.# # ..#
#≈≈...#5#####.#####)#...
####
#≈.8.5D5.§§...........(.
....
≈....#@§§§...#.....#.##
###. ...
##...#.###.#####... # .
#..).....#.# .. #
#.[#.#.#...# .. # .#
#.......#### . # #.#
#.##<...# . # #.#
#.##....# # #.## ###
#.##.#### ####..###...
#.##.#


You could see a steam dragon (catching breath) and 3 friendly crimson imps.

Vanquished Creatures
  A centaur zombie (D:7)
  An ice beast (D:5)
  A phantom (D:4)
  2 centaurs (D:5)
  A bullfrog (D:6)
  3 crimson imps
  2 jellies
  2 orc priests
  2 centaur skeletons
  A hound (D:6)
  2 orc wizards (D:6)
  A bullfrog skeleton (D:5)
  Terence (D:2)
  3 worker ants
  A hound skeleton (D:4)
  2 worker ant zombies
  7 gnolls
  7 adders
  An adder zombie (D:5)
  3 oozes
  2 worms (D:2)
  2 dart slugs
  2 leopard geckos
  10 orcs
  3 ball pythons (D:1)
  5 giant cockroaches
  6 goblins
  3 hobgoblins
  4 jackals (D:5)
  8 kobolds
  2 quokkas
  5 bats
  2 frilled lizards
  A jackal skeleton (D:6)
  A quokka zombie (D:5)
  8 rats
108 creatures vanquished.

Vanquished Creatures (collateral kills)
  An ogre (D:6)
  2 centaurs (D:5)
  A howler monkey (D:5)
  A crimson imp (D:2)
  3 gnolls
  An adder (D:2)
  An orc (D:4)
  A hobgoblin (D:2)
  A bat (D:2)
12 creatures vanquished.

Grand Total: 120 creatures vanquished

Notes
Turn   | Place    | Note
-------+----------+-------------------------------------------
     0 | D:1      | selver the Octopode Wizard began the quest for the Orb.
     0 | D:1      | Reached XP level 1. HP: 11/11 MP: 4/4
   246 | D:1      | Reached XP level 2. HP: 17/17 MP: 1/6
   327 | D:1      | Learned a level 2 spell: Call Imp
   711 | D:2      | Reached XP level 3. HP: 9/21 MP: 4/7
  1595 | D:2      | Noticed Terence
  1619 | D:2      | Reached XP level 4. HP: 18/27 MP: 2/9
  1649 | D:2      | Killed Terence
  1924 | D:2      | Found a burning altar of Makhleb.
  1942 | D:2      | Reached XP level 5. HP: 28/31 MP: 2/10
  1950 | D:2      | Learned a level 2 spell: Blink
  2184 | D:2      | You fall into a shaft and drop 2 floors!
  2693 | D:2      | Found a sacrificial altar of Ru.
  2965 | D:2      | Found a shadowy altar of Dithmenos.
  3120 | D:2      | Found an opulent altar of Gozag.
  3122 | D:2      | Found a shattered altar of Ashenzari.
  3122 | D:2      | Found a stormy altar of Qazlal.
  3124 | D:2      | Found a shimmering altar of Xom.
  3124 | D:2      | Found an opulent altar of Gozag.
  3124 | D:2      | Found a hide-covered altar of Uskayaw.
  3720 | D:3      | Reached XP level 6. HP: 27/36 MP: 4/12
  4418 | D:4      | Found a runed translucent gate.
  4419 | D:4      | Found a runed translucent gate.
  4482 | D:4      | Found a runed translucent gate.
  4490 | D:4      | Noticed a phantom
  4598 | D:4      | Killed a phantom
  4695 | D:4      | Noticed an ice beast
  4695 | D:4      | Noticed hawla's ghost (novice MiFi)
  4983 | D:5      | Entered Level 5 of the Dungeon
  5039 | D:5      | Found Wexkulogo's Distillery.
  5042 | D:5      | Noticed an ice beast
  5178 | D:5      | Found a basalt altar of Yredelemnul.
  5194 | D:5      | Reached skill level 1 in Fighting
  5194 | D:5      | Reached XP level 7. HP: 11/43 MP: 2/13
  5786 | D:5      | Reached skill level 5 in Stealth
  5878 | D:5      | Bought a potion of might for 52 gold pieces
  5878 | D:5      | Bought a potion of cancellation for 104 gold pieces
  5878 | D:5      | Bought a potion of curing for 39 gold pieces
  5878 | D:5      | Bought a potion of lignification for 39 gold pieces
  6029 | D:5      | Reached skill level 5 in Spellcasting
  6029 | D:5      | Reached XP level 8. HP: 50/50 MP: 7/15
  6389 | D:5      | Learned a level 3 spell: Mephitic Cloud
  6732 | D:6      | Reached skill level 5 in Conjurations
  6791 | D:6      | Found a radiant altar of Vehumet.
  6953 | D:6      | Found a staircase to the Ecumenical Temple.
  7023 | Temple   | Entered the Ecumenical Temple
  7106 | Temple   | Became a worshipper of Yredelemnul the Dark
  7270 | D:6      | Reached skill level 1 in Poison Magic
  7703 | D:7      | Noticed Menkaure
  7907 | D:7      | HP: 1/50 [centaur warrior zombie (3)]
  7908 | D:7      | Reached skill level 1 in Air Magic
  8016 | D:7      | Reached XP level 9. HP: 50/54 MP: 10/17
  8085 | D:7      | Killed from afar by a steam dragon

Illustrated notes

Levels and vault maps discovered:
D:1:      mrwooster_arrival_statue, layout_rooms
D:2:      layout_loops_corners, doesnt_xom_only_xom, marbit_many_paths,
          makhleb_grotto_becter, first_ration, nicolae_ru_sacrificial_ziggurat,
          uniq_terence
D:3:      layout_basic
D:4:      layout_rooms, gammafunk_ghost_icy
D:5:      layout_rooms, basic_altar, kennysheep_windowed_goal
D:6:      layout_basic, vehumet_statue, minmay_temple_entry_proselytizer,
          minmay_small_thing
D:7:      cheibrodos_steamvent, layout_basic, fedhas_altar_decomposition,
          the_bakery, uniq_menkaure
Temple:   nicolae_temple_god_jail

Skill      XL: |  1  2  3  4  5  6  7  8 |
---------------+-------------------------+-----
Conjurations   | 2 4 6 |  6.3
Summonings     | 2 3 |  3.2
Stealth        | 3 4 5 6 |  6.3
Spellcasting   | 4 5 |  5.8
Translocations | 2 3 |  3.1
Fighting       | 1 |  1.9
Poison Magic   | 2 |  2.6
Air Magic      | 1 |  1.7
Dodging        | |  2.0

Action                   |  1- 3 |  4- 6 |  7- 9 || total
-------------------------+-------+-------+-------++-------
Melee: Dagger            |    27 |   106 |    55 ||   188
       Constrict         |     7 |    19 |    13 ||    39
       Tentacles         |     1 |    16 |    10 ||    27
       Short sword       |       |       |    12 ||    12
 Cast: Magic Dart        |    36 |   125 |   107 ||   268
       Call Imp          |     3 |    11 |    15 ||    29
       Blink             |       |       |     6 ||     6
       Mephitic Cloud    |       |       |     1 ||     1
  Use: Scroll            |     1 |     5 |     2 ||     8
       Potion            |     1 |     3 |     4 ||     8
 Stab: Sleeping          |     4 |    14 |     7 ||    25
       Confused          |       |       |     1 ||     1
  Eat: Chunk             |     2 |     6 |     4 ||    12
       Ration            |       |     2 |     1 ||     3
Armor: Skin              |     2 |    24 |    13 ||    39
Dodge: Dodged            |    36 |   104 |    85 ||   225
